Map: Frozen Temple

Players

DIMAGA - Winner!

  • Race: Zerg Zerg
  • League: Grandmaster

Miszu

  • Race: Terran Terran
  • League: Master

VOD

Have the link to the VOD?

Description

Time

  • Played on: April 25, 2016, 4:34 p.m.
  • Length: 13:01
Show
View Real Time Build Order
Export as new Build Order

DIMAGA Zerg - Winner!

Build Orders: Hatch First 

Get SALT Encoding   

  12  0:00  Drone  
  13  0:12  Overlord  
  13  0:17  Drone  
  14  0:30  Drone x2  
  14  0:34  Drone  
  17  0:51  Hatchery  
  17  0:54  Drone  
  17  0:57  Drone  
  18  1:08  Extractor  
  17  1:12  Spawning Pool  
  17  1:15  Drone  
  17  1:18  Drone  
  18  1:28  Drone  
  19  1:41  Overlord  
  19  1:59  Zergling x2, Queen  
  19  2:00  Zergling x2  
  23  2:03  Zergling x2, Queen  
  23  2:08  Metabolic Boost  
  26  2:11  Drone  
  26  2:14  Drone  
  28  2:21  Drone  
  29  2:25  Drone  
  30  2:33  Overlord  
  30  2:35  Queen  
  34  2:50  Drone x2  
  34  2:52  Drone  
  35  2:58  Hatchery  
  35  3:01  Overlord  
  35  3:02  Drone  
  35  3:06  Drone  
  35  3:07  Drone  
  35  3:10  Drone  
  35  3:12  Drone  
  39  3:20  Drone x5  
  44  3:32  Extractor  
  43  3:36  Drone  
  43  3:37  Drone  
  43  3:38  Queen x2  
  49  3:44  Overlord  
  49  3:46  Overlord  
  49  3:48  Zergling x2  
  50  3:51  Zergling x4  
  52  3:57  Baneling Nest  
  51  4:03  Zergling x4  
  51  4:05  Zergling x4  
  51  4:07  Drone  
  56  4:10  Drone  
  56  4:14  Spore Crawler  
  56  4:17  Drone x4  
  57  4:24  Spore Crawler  
  57  4:28  Zergling x10  
  61  4:39  Drone  
  61  4:42  Evolution Chamber  
  61  4:43  Evolution Chamber  
  60  4:45  Queen  
  60  4:46  Queen  
  60  4:47  Drone  
  65  4:53  Drone x4  
  65  4:57  Overlord  
  69  5:03  Baneling x3  
  69  5:08  Zerg Melee Weapons Level 1  
  69  5:11  Overlord, Zerg Ground Armor Level 1  
  69  5:13  Overlord  
  69  5:20  Drone x4  
  72  5:39  Drone x7  
  72  5:40  Drone x7  
  86  5:49  Hatchery  
  85  5:53  Lair  
  85  5:56  Extractor  
  84  5:57  Spore Crawler  
  84  5:58  Extractor  
  84  6:00  Overlord  
  82  6:04  Drone x3  
  82  6:07  Drone x5  
  82  6:10  Zergling x2  
  82  6:11  Zergling x6  
  93  6:16  Overlord  
  93  6:17  Overlord, Zergling x2  
  95  6:27  Zergling x2  
  95  6:28  Zergling x4  
  98  6:39  Zergling x12  
  98  6:40  Zergling x6  
  98  6:42  Zergling x2  
  94  6:47  Zergling x2  
  89  6:54  Zergling x6  
  87  7:01  Zergling x2  
  87  7:02  Zergling x8  
  87  7:05  Queen x2  
  87  7:07  Zerg Ground Armor Level 2, Zerg Melee Weapons Level 2  
  87  7:08  Centrifical Hooks  
  95  7:12  Drone  
  95  7:13  Drone x3  
  99  7:33  Drone  
  99  7:34  Drone x4  
  99  7:35  Overlord, Drone  
  99  7:36  Zergling x4  
  107  7:48  Spore Crawler  
  107  7:49  Drone x3  
  107  7:50  Zergling x12  
  107  7:51  Spine Crawler x2  
  114  7:52  Spore Crawler  
  114  7:56  Zergling x4  
  114  7:57  Zergling x10  
  119  7:58  Baneling x6  
  119  7:59  Baneling x4  
  119  8:00  Zergling x2  
  119  8:05  Zergling x10  
  119  8:07  Zergling x2, Baneling  
  119  8:08  Zergling x4, Baneling x2  
  119  8:13  Zergling x2  
  119  8:16  Zergling x2  
  119  8:19  Zergling x2  
  108  8:24  Infestation Pit, Spire  
  108  8:25  Zergling x2  
  104  8:30  Zergling x26  
  104  8:32  Zergling x2  
  116  8:38  Zergling x2  
  116  8:39  Zergling x2  
  118  8:41  Zergling x2  
  118  8:43  Baneling x3  
  118  8:46  Extractor  
  118  8:47  Zergling x4  
  118  8:48  Baneling x4  
  120  8:51  Zergling x2  
  120  8:52  Zergling x2  
  120  8:54  Overlord x3, Extractor  
  120  8:55  Baneling x2  
  121  8:57  Zergling x2  
  121  8:58  Zergling x12  
  121  9:01  Hive  
  128  9:06  Overseer  
  128  9:09  Zergling x2  
  127  9:14  Zergling x10  
  127  9:15  Zergling x2  
  127  9:16  Zergling x4  
  121  9:21  Zergling x6  
  121  9:24  Zergling x2, Baneling x2  
  116  9:25  Baneling x7  
  116  9:31  Zergling x12  
  112  9:38  Zergling x2  
  118  9:41  Baneling x9  
  118  9:42  Baneling x2  
  118  9:49  Zergling x2  
  118  9:50  Zergling x6  
  121  9:59  Baneling  
  112  10:00  Baneling x6  
  112  10:02  Zergling x18  
  112  10:03  Zergling x8  
  125  10:07  Zerg Flyer Armor Level 1  
  125  10:12  Zergling x4  
  125  10:13  Zergling x10  
  127  10:21  Zergling x12  
  127  10:23  Baneling x8  
  127  10:24  Overseer, Hatchery  
  127  10:28  Zergling x4  
  124  10:29  Zergling x4  
  125  10:38  Zergling x12  
  123  10:45  Zergling x14  
  127  10:51  Zergling x8  
  127  10:52  Adrenal Glands  
  127  10:56  Ultralisk Cavern  
  130  11:05  Baneling x6  
  130  11:10  Zergling x8  
  134  11:15  Zergling x8  
  134  11:17  Zergling x2  
  139  11:22  Zergling x2  
  135  11:35  Zergling x16  
  135  11:39  Zergling x2  
  141  11:43  Zergling x2  
  141  11:45  Zergling x2  
  141  11:47  Zergling x6  
  144  11:52  Zergling x8  
  144  11:53  Zergling x4  
  144  11:54  Baneling x4  
  146  11:55  Baneling x4  
  146  11:56  Baneling x3  
  146  11:58  Zergling x12  
  144  12:03  Zergling x2  
  144  12:04  Zergling x6  
  144  12:05  Zergling x2  
  147  12:14  Zergling x2  
  136  12:18  Zergling x2  
  142  12:31  Drone x3  
  142  12:32  Zergling x2  
  142  12:33  Zergling x2  
  133  12:42  Zergling x10  
Show
View Real Time Build Order
Export as new Build Order

Miszu Terran 

Build Orders: Reaper Expand, MMM Bio 

Get SALT Encoding   

  12  0:01  SCV  
  13  0:13  SCV  
  14  0:18  Supply Depot  
  14  0:25  SCV  
  15  0:39  SCV  
  15  0:42  Barracks  
  16  0:46  Refinery  
  16  0:52  SCV  
  17  1:05  SCV  
  18  1:17  SCV  
  19  1:32  Reaper  
  21  1:33  Orbital Command  
  20  1:40  Command Center  
  20  1:50  Supply Depot  
  20  1:58  SCV  
  21  2:04  Marine  
  22  2:11  SCV  
  22  2:14  Factory  
  23  2:23  SCV  
  24  2:34  Barracks Reactor  
  24  2:36  SCV  
  24  2:43  Command Center  
  24  2:48  SCV  
  25  2:54  Orbital Command  
  25  3:00  SCV  
  26  3:12  SCV  
  27  3:15  Hellion x2  
  31  3:20  Barracks Tech Lab  
  31  3:21  SCV  
  31  3:24  SCV  
  33  3:29  Barracks  
  33  3:33  SCV  
  34  3:36  SCV  
  34  3:40  Marine  
  36  3:41  Stimpack  
  36  3:45  SCV  
  36  3:47  Refinery  
  38  3:48  SCV, Factory Reactor  
  38  3:49  Barracks  
  38  3:57  SCV  
  38  4:00  Marine, SCV  
  42  4:07  Orbital Command  
  42  4:09  SCV  
  42  4:12  SCV  
  41  4:21  SCV  
  38  4:24  SCV  
  39  4:34  Marine, SCV  
  39  4:35  Marine x2  
  39  4:36  Factory Reactor  
  39  4:37  SCV  
  44  4:38  Starport  
  44  4:39  SCV  
  44  4:45  Refinery, Marine  
  45  4:46  Refinery, SCV  
  45  4:49  SCV  
  45  4:51  SCV  
  49  4:56  Marine  
  49  4:57  Marine x3  
  49  4:58  SCV  
  54  5:01  SCV  
  54  5:03  Supply Depot  
  56  5:09  Marine, Orbital Command  
  56  5:10  SCV  
  56  5:13  SCV  
  58  5:14  Marine  
  58  5:17  Engineering Bay, Marine  
  58  5:18  Marine  
  58  5:20  Engineering Bay  
  61  5:25  Medivac x2, SCV x2, Factory Reactor  
  61  5:26  Marine  
  68  5:34  SCV  
  65  5:37  SCV x2  
  65  5:38  Supply Depot, Marine x2  
  69  5:46  Terran Infantry Weapons Level 1  
  69  5:48  Terran Infantry Armor Level 1  
  69  5:51  Combat Shields  
  69  6:00  Supply Depot, SCV x3  
  69  6:04  Marine x4  
  73  6:09  Barracks  
  73  6:10  Barracks  
  76  6:12  SCV  
  76  6:16  Supply Depot  
  77  6:22  SCV x2  
  77  6:24  SCV  
  79  6:27  Marine x5  
  84  6:34  SCV x2  
  84  6:36  Medivac  
  84  6:37  Medivac, Widow Mine x2  
  87  6:44  Marine  
  87  6:45  Marine  
  85  6:49  Orbital Command  
  77  7:04  Marine  
  77  7:05  SCV  
  77  7:06  SCV  
  77  7:07  Marine x3  
  80  7:10  Barracks Reactor x2, Medivac  
  80  7:11  Medivac  
  82  7:16  SCV  
  82  7:18  SCV x2  
  82  7:22  Marine x2  
  87  7:25  Marine x2, Armory  
  87  7:28  SCV  
  90  7:30  Bunker, Marine, SCV x2  
  90  7:33  Supply Depot  
  93  7:45  Marine, Medivac, Widow Mine x2, SCV  
  93  7:51  Supply Depot  
  101  7:52  Supply Depot  
  101  7:54  Marine x4, Medivac, SCV x2  
  109  8:01  SCV  
  109  8:04  Marine  
  109  8:07  Marine x2  
  109  8:08  SCV  
  109  8:09  Marine  
  109  8:11  Marine  
  109  8:12  Marine, SCV  
  111  8:13  SCV  
  111  8:19  Marine  
  107  8:20  SCV  
  107  8:24  SCV  
  107  8:25  SCV  
  107  8:26  Marine  
  110  8:27  Marine  
  110  8:30  Marine x6  
  110  8:32  Widow Mine, Armory  
  110  8:33  Medivac, Widow Mine, SCV  
  124  8:36  SCV  
  124  8:37  Bunker  
  124  8:38  Marine, SCV  
  124  8:39  Medivac  
  125  8:42  Terran Infantry Armor Level 2  
  125  8:44  Terran Infantry Weapons Level 2  
  125  8:49  Supply Depot x2  
  125  8:50  Supply Depot  
  125  8:53  Marine x4  
  125  8:55  Marine x4  
  133  9:05  Widow Mine  
  133  9:06  Marine, Medivac  
  133  9:10  SCV x3, Widow Mine  
  133  9:14  Marauder  
  129  9:17  Marine x7  
  104  9:24  Marine  
  97  9:34  Marine, Widow Mine  
  97  9:35  Marine x6, Marauder  
  108  9:41  Medivac  
  108  9:42  Marine  
  111  9:46  Bunker  
  111  9:52  Supply Depot  
  111  9:58  Marine  
  111  9:59  Marine x7  
  113  10:00  Marine  
  113  10:04  SCV x3  
  117  10:07  Refinery  
  117  10:12  Widow Mine  
  119  10:16  Marine, SCV  
  119  10:17  Marine x3  
  117  10:28  Marine  
  111  10:29  Marine x2  
  102  10:48  Bunker, Marine x7, Widow Mine  
  102  10:49  Marine x2, Hellion, Medivac  
  116  11:00  Supply Depot x2  
  116  11:07  Medivac  
  116  11:09  Marine x4, Marauder  
  116  11:10  Widow Mine  
  126  11:20  Marine x2  
  126  11:21  Marine x2  
  130  11:26  Marine  
  130  11:27  Marine x3  
  132  11:41  Widow Mine x2  
  132  11:42  Marine  
  132  11:44  Engineering Bay  
  132  11:46  Engineering Bay  
  137  11:47  Command Center  
  127  11:55  Marine, Marauder  
  127  11:58  SCV x3  
  124  12:10  Marine, SCV x3, Widow Mine  
  124  12:11  Marine x2  
  124  12:15  Marine  
  128  12:16  Marauder  
  128  12:22  SCV x3  
  117  12:24  Widow Mine  
  117  12:27  Marine  
  117  12:34  SCV  
  117  12:38  Marauder  
  117  12:40  Marine  
  117  12:41  Marine x2  
Tags
 
Add a new tag
Caveats
  • Supply blocks, unpowered buildings, or Contaminate may cause inaccurate times.
  • Supply counts are checked every 10 seconds.